 Dungeon Crawl Stone Soup version 0.19-a0-649-gca8dce1 (webtiles) character file.

118090 AlphabetPasta the Bludgeoner (level 16, -3/82 HPs)
             Began as a Gargoyle Chaos Knight on June 13, 2016.
             Slain by a thorn hunter (8 damage)
             ... on level 2 of the Swamp on June 14, 2016.
             The game lasted 03:17:55 (32285 turns).

AlphabetPasta the Bludgeoner (GrCK)                Turns: 32285, Time: 03:17:55

Health: -3/82      AC: 48    Str: 26    XL:     16   Next: 75%
Magic:  23/23      EV: 19    Int: 14    God:    Xom [.*....]
Gold:   798        SH:  2    Dex: 20    Spells: 0 memorised, 15 levels left

rFire  + . .     SeeInvis .     a - +2 flail (protect)
rCold  + + .     Gourm    +     F - +1 plate armour of Grot {rN+ Int+4} (curse)
rNeg   + + .     Faith    .     (no shield)
rPois  ∞         Spirit   .     r - +1 helmet
rElec  +         Dismiss  .     Z - +2 cloak {MR+}
rCorr  .         Reflect  .     X - +0 pair of gloves of Free Will {rC+}
SustAt .         Harm     .     f - +2 pair of boots
MR     ++...     Clarity  +     H - amulet of the gourmand
Stlth  ..........               V - ring of Due Proportion {rC+ Str+3 Dex+3 Stlth+}
                                T - ring of protection from fire

@: agile, flying, very resistant to hostile enchantments, extremely unstealthy
A: big wings, large bone plates 1, yellow scales 1, blurry vision 1, clarity,
dopey 1, frail 2, negative energy resistance 1, electricity resistance, strong
1, unbreathing, petrification resistance, rot immunity, AC +11
a: Stop Flying, Renounce Religion


You were on level 2 of the Swamp.
You worshipped Xom.
You were a plaything of Xom.
You were very full.

You visited 5 branches of the dungeon, and saw 26 of its levels.
You also visited: Ice Cave.

You collected 2866 gold pieces.
You spent 2068 gold pieces at shops.

Inventory:

Hand Weapons
 a - a +2 flail of protection (weapon)
 b - a +1 arbalest of freezing
 j - a +0 great mace
 x - a +0 morningstar
 A - a +0 hand crossbow of venom
Missiles
 t - 146 bolts
Armour
 f - a +2 pair of boots (worn)
 r - a +1 helmet (worn)
 F - the cursed +1 plate armour of Grot (worn) {rN+ Int+4}
   (You bought it in a shop on level 2 of the Orcish Mines)

   It affects your intelligence (+4).
   It protects you from negative energy.
   It has a curse placed upon it.
 X - the +0 pair of gloves of Free Will (worn) {rC+}
   (You found it on level 6 of the Lair of Beasts)

   It protects you from cold.
 Z - a +2 cloak of magic resistance (worn)
Jewellery
 H - an amulet of the gourmand (around neck)
 N - a +3 ring of dexterity
 T - a ring of protection from fire (left hand)
 V - the ring of Due Proportion (right hand) {rC+ Str+3 Dex+3 Stlth+}
   (Xom gifted it to you on level 2 of the Orcish Mines)

   [ring of protection from cold]

   It affects your strength (+3).
   It affects your dexterity (+3).
   It protects you from cold.
   It makes you more stealthy.
Wands
 i - a wand of lightning (7/15)
 s - a wand of teleportation (4/9)
 u - a wand of iceblast (0/15)
 v - a wand of polymorph (1/24)
 z - a wand of flame (36/48)
 C - a wand of flame (12/48)
 D - a wand of acid (12/15)
 I - a wand of paralysis (17/24)
 L - a wand of disintegration (4/24)
 M - a wand of hasting (2/9)
 Q - a wand of slowing (22/48)
Scrolls
 d - 6 scrolls of teleportation
 e - 4 scrolls of enchant weapon
 h - 12 scrolls of remove curse
 k - 7 scrolls of identify
 l - 2 scrolls of blinking
 m - 4 scrolls of magic mapping
 y - 4 scrolls of fear
 B - 7 scrolls of enchant armour
 E - 2 scrolls of silence
 P - 2 scrolls of fog
 U - 2 scrolls of recharging
Potions
 o - 2 potions of invisibility
 q - 2 potions of heal wounds
 w - 2 potions of magic
 O - 4 potions of flight
 R - 14 potions of curing
 W - a potion of cancellation
 Y - a potion of agility
Miscellaneous
 g - 4 sacks of spiders
 K - a box of beasts
Comestibles
 c - 16 bread rations
 n - 10 beef jerkies
 p - 7 chunks of flesh
 G - 5 meat rations
 J - a royal jelly
 S - 5 fruits


   Skills:
 + Level 12.4 Fighting
 * Level 15.7 Maces & Flails
 * Level 12.3 Crossbows
 + Level 12.7 Armour
 + Level 9.7 Dodging
 + Level 9.4 Evocations


You had 15 spell levels left.
You didn't know any spells.

Dungeon Overview and Level Annotations

Branches:
Dungeon (15/15)            Temple (1/1) D:5            Lair (6/6) D:10
  Swamp (2/4) Lair:4        Snake (0/4) Lair:2        Slime (0/5) Lair:5
    Orc (2/2) D:12            Elf (0/3) Orc:2        Vaults (0/5) D:13
 Depths (0/5) D:15

Altars:
Ashenzari
Cheibriados
Dithmenos
Elyvilon
Fedhas
Gozag
Hepliaklqana
Kikubaaqudgha
Makhleb
Nemelex Xobeh
Okawaru
Pakellas
Qazlal
Ru
Sif Muna
Trog
Uskayaw
Vehumet
Xom
Yredelemnul
Zin
The Shining One

Shops:
D:10 }}(   D:11 %   D:14 !   D:15 [   Orc:1 %   Orc:2 :[?%

Portals:
Pandemonium: Orc:2

Annotations:
D:4 Guenter's ghost, amateur FoFi


Innate Abilities, Weirdness & Mutations

You are resistant to torment.
Your stone body is resilient. (AC +11)
You are immune to poison.
Your large and strong wings let you fly indefinitely.
You resist negative energy. (rN+)
You are resistant to electric shocks. (rElec)
You can survive without breathing.
You are immune to petrification.
You are immune to rotting.
You are partially covered in large bone plates. (AC +2, SH +2)
You are partially covered in yellow scales. (AC +2)
Scrolls take you a little longer to read.
You possess an exceptional clarity of mind.
You are dopey. (Int -2)
You are very frail. (-20% HP)
Your muscles are strong. (Str +2)


Message History

The thorn hunter is almost destroyed.
The thorn hunter fires a volley of thorns at you.
The volley of thorns hits you!
* * * LOW HITPOINT WARNING * * *
A shower of butterflies erupts from you!
You sock the thorn hunter!
The thorn hunter is almost destroyed.
Xom's attention turns to you for a moment.
Your skin tingles.
The thorn hunter misses you.
The thorn hunter hits you but does no damage.
You hit the thorn hunter but do no damage.
The thorn hunter is almost destroyed.
The thorn hunter hits you but does no damage.
You block the thorn hunter's attack.
You sock the thorn hunter!
The thorn hunter is almost destroyed.
The thorn hunter hits you!
* * * LOW HITPOINT WARNING * * *
The thorn hunter hits you!
You die...

♣♣♣ ♣≈..♣♣♣♣♣ ♣♣♣
.≈≈≈...≈♣♣ ♣♣♣♣≈.
.≈≈≈≈≈≈≈.♣♣♣ ♣♣≈♣♣♣.
.≈≈≈≈≈b≈f@≈♣♣ ♣♣..≈≈.>
.(≈≈≈≈≈≈.[.§♣ ♣..≈♣..≈
≈≈≈.≈b≈≈≈.b≈♣ ♣(.....≈
≈≈≈≈≈≈≈b≈.≈.♣♣♣♣♣ ♣.≈≈≈≈.≈
(≈≈≈..≈.........♣♣♣>.≈≈...
..≈≈≈...≈≈≈≈≈≈≈......≈≈.≈≈
≈..≈≈.≈♣♣.≈≈≈≈♣§≈♣♣≈≈♣...♣
♣≈≈≈.♣♣ ♣.≈≈≈≈≈♣♣♣♣♣♣♣...♣
♣♣♣ ♣.≈≈♣♣♣♣ ♣...♣


You could see a thorn hunter.

Vanquished Creatures
  A dire elephant (Lair:5)
  Harold (Lair:4)
  13 hydras
  A ghost crab (Swamp:2)
  3 centaur warriors
  The ghost of Haruko the Imperceptible, a journeyman FeEn of Hepliaklqana (Swamp:1)
  2 dancing weapons (D:13)
  15 death yaks
  2 queen ants
  8 orc high priests
  3 iron golems (D:11)
  A sun demon (Orc:2)
  2 skeletal warriors (D:15)
  A wizard (D:14)
  An infernal demonspawn (Orc:1)
  A torturous demonspawn (Orc:2)
  A shambling mangrove (Swamp:2)
  3 swamp dragons (Swamp:1)
  2 unseen horrors
  3 hill giants
  A necromancer (D:15)
  Pikel (D:7)
  A putrid demonspawn (Orc:2)
  A golden dragon skeleton (D:15)
  A griffon (Lair:6)
  5 orc knights
  A wolf spider (D:11)
  A wolf spider zombie (D:15)
  An oklob plant (Lair:6)
  A phantasmal warrior (D:15)
  A stone giant zombie (D:15)
  2 deep elf magi (D:15)
  5 orc sorcerers
  A cyclops (D:8)
  7 ugly things
  2 manticores
  4 elephants (Lair:4)
  An octopode (Lair:2)
  3 black mambas
  An ice statue (IceCv)
  20 spiny frogs
  2 gargoyles
  3 centaur skeletons
  A torpor snail (Lair:6)
  Psyche (D:9)
  The ghost of Haruko the Skirmisher, a novice OpTm (D:5)
  5 rime drakes
  A kobold demonologist (D:15)
  10 komodo dragons
  2 hellwings (Orc:1)
  An efreet (D:14)
  An entropy weaver zombie (D:15)
  A red devil (Orc:2)
  17 polar bears (IceCv)
  A spriggan skeleton (D:15)
  5 giant leeches
  7 trolls
  Prince Ribbit (D:8)
  3 two-headed ogres
  7 slime creatures
  5 blink frogs
  A boulder beetle (Lair:6)
  3 bog bodies
  2 vampires
  4 shadows
  46 yaks
  A ynoxinul (Orc:2)
  4 wyverns
  6 wraiths
  2 basilisks
  11 hippogriffs
  A fire bat (D:6)
  3 steam dragons
  12 vampire mosquitoes
  2 hungry ghosts
  8 insubstantial wisps
  3 wargs
  8 swamp worms
  11 water moccasins
  20 soldier ants
  5 porcupines
  4 swamp drakes
  36 orc warriors
  A slave (D:6)
  7 sky beasts
  5 ice beasts
  5 wasps
  3 necrophages
  A phantom (D:6)
  13 ogres
  An eye of draining (D:14)
  2 black bears
  23 wolves
  14 centaurs
  9 crocodiles
  18 giant frogs
  A big kobold (D:13)
  A wyvern zombie (D:13)
  An elf skeleton (D:7)
  Dowan (D:7)
  7 scorpions
  6 wights (D:7)
  22 killer bees
  2 howler monkeys (D:7)
  3 electric eels (Lair:6)
  5 crimson imps
  5 jellies
  2 centaur zombies
  A quasit (D:7)
  5 giant frog skeletons
  A gnoll shaman (Orc:1)
  2 human zombies (D:7)
  22 orc priests
  6 hounds
  A human skeleton (D:7)
  23 orc wizards
  9 iguanas
  27 worker ants
  A killer bee zombie (D:6)
  42 sheep
  A howler monkey zombie (D:10)
  2 mummies (D:7)
  3 worker ant zombies
  10 adders
  15 river rats (Lair:6)
  10 gnolls
  5 shadow imps
  12 white imps (Orc:1)
  3 worms
  2 dart slugs
  5 giant geckos
  94 orcs
  3 ball pythons
  7 giant cockroaches
  6 goblins
  9 hobgoblins
  9 jackals
  11 kobolds
  9 quokkas
  18 bats
  A giant cockroach zombie (D:5)
  8 giant newts
  A jackal skeleton (D:6)
  An orc zombie (D:7)
  A quokka skeleton (D:6)
  A quokka zombie (D:5)
  6 rats
  4 fungi
  3 plants
952 creatures vanquished.

Vanquished Creatures (collateral kills)
  A frost giant (IceCv)
  A death yak (Lair:3)
  A centaur warrior (D:13)
  A manticore (D:12)
  Joseph (D:9)
  A polar bear (IceCv)
  A giant leech (Swamp:1)
  A yak (IceCv)
  3 soldier ants (Lair:1)
  A black bear (D:9)
  An ogre (D:9)
  A crocodile (D:9)
  2 giant frogs (Lair:6)
  A wyvern skeleton (D:12)
  An orc priest (D:12)
  A worker ant (Lair:1)
19 creatures vanquished.

Vanquished Creatures (others)
  A tengu reaver (D:15)
  A centaur zombie (D:15)
  3 polar bears (IceCv)
  2 yaks (IceCv)
  A wyvern (D:7)
  A hungry ghost (D:9)
  A soldier ant (Lair:1)
  An ice beast (D:15)
  A swamp drake (Swamp:2)
  A centaur (D:15)
  A crocodile (Lair:3)
  A giant frog (Lair:6)
  A howler monkey (D:7)
  A hound (D:7)
  2 worker ants (D:7)
  An adder (D:7)
  An orc (D:5)
  2 bushes
  24 fungi
  40 plants
87 creatures vanquished.

Grand Total: 1058 creatures vanquished

Notes
Turn   | Place    | Note
--------------------------------------------------------------
     0 | D:1      | AlphabetPasta the Gargoyle Chaos Knight began the quest for the Orb.
     0 | D:1      | Reached XP level 1. HP: 14/14 MP: 1/1
   100 | D:1      | XOM: harmless Erth miscast
   233 | D:1      | XOM: silly message
   390 | D:1      | Reached XP level 2. HP: 19/19 MP: 2/2
   574 | D:1      | Reached skill level 1 in Dodging
   747 | D:1      | XOM: silly message
   769 | D:1      | XOM: silly message
   805 | D:1      | Reached XP level 3. HP: 23/23 MP: 3/3
  1075 | D:2      | Found a stormy altar of Qazlal.
  1115 | D:2      | Found a blossoming altar of Fedhas.
  1260 | D:2      | Found a shadowy altar of Dithmenos.
  1584 | D:2      | Reached XP level 4. HP: 28/28 MP: 4/4
  1711 | D:2      | Reached skill level 4 in Maces & Flails
  1840 | D:2      | Found a glowing silver altar of Zin.
  2023 | D:3      | Found a white marble altar of Elyvilon.
  2197 | D:3      | XOM: harmless Chrm miscast
  2362 | D:3      | Reached XP level 5. HP: 33/33 MP: 5/5
  2509 | D:3      | XOM: mild Erth miscast
  2513 | D:3      | XOM: confusion
  2515 | D:3      | XOM: noise
  2537 | D:3      | Found a faded altar of an unknown god.
  2590 | D:3      | XOM: noise
  3038 | D:4      | Reached XP level 6. HP: 35/39 MP: 6/6
  3072 | D:4      | XOM: mild Tloc miscast
  3083 | D:4      | Reached skill level 5 in Maces & Flails
  3364 | D:4      | Noticed Guenter's ghost (amateur FoFi)
  3380 | D:4      | XOM: confuse monster(s)
  3505 | D:4      | Found an opulent altar of Gozag.
  3680 | D:4      | XOM: enchant monster (bad)
  3742 | D:4      | XOM: harmless Tloc miscast
  3758 | D:4      | XOM: silly message
  3888 | D:4      | XOM: divination: magic mapping
  3904 | D:4      | XOM: summons friendly quasit
  3917 | D:4      | XOM: scenery: create altars
  3935 | D:4      | XOM: cleaving
  3956 | D:4      | XOM: fake destruction
  3959 | D:4      | XOM: cleaving
  3971 | D:4      | XOM: enchant monster (good)
  4000 | D:4      | XOM: cast spell 'Olgreb's Toxic Radiance'
  4005 | D:4      | XOM: mild Necr miscast
  4024 | D:4      | XOM: summons 1 friendly demon
  4166 | D:3      | XOM: summons 1 hostile demon
  4187 | D:5      | Entered Level 5 of the Dungeon
  4193 | D:5      | Noticed a sky beast
  4204 | D:5      | Killed a sky beast
  4204 | D:5      | Reached XP level 7. HP: 44/44 MP: 7/7
  4226 | D:5      | XOM: harmless Divn miscast
  4310 | D:5      | XOM: enchant monster (bad)
  4320 | D:5      | Upgraded the game from 0.19-a0-642-g6dcb0f0 to 0.19-a0-644-gd04d753
  4343 | D:5      | XOM: summons 1 hostile demon
  4430 | D:5      | Noticed Haruko's ghost (novice OpTm)
  4442 | D:5      | XOM: fog
  4445 | D:5      | XOM: enchant monster (bad)
  4449 | D:5      | XOM: 1-stop teleportation journey
  4482 | D:5      | Killed Haruko's ghost
  4482 | D:5      | Reached skill level 5 in Fighting
  4482 | D:5      | Reached skill level 6 in Maces & Flails
  4541 | D:5      | XOM: 6-stop teleportation journey
  4632 | D:5      | Reached XP level 8. HP: 50/50 MP: 8/8
  4867 | D:5      | Found a staircase to the Ecumenical Temple.
  4872 | Temple   | Entered the Ecumenical Temple
  4982 | D:5      | XOM: confusion (+ monsters)
  5010 | D:5      | XOM: summons 4 hostile demons
  5267 | D:6      | XOM: enchant monster (bad)
  5285 | D:6      | XOM: cast spell 'Summon Small Mammal'
  5324 | D:6      | Found an oddly glowing altar of Pakellas.
  5420 | D:6      | Reached skill level 5 in Armour
  5478 | D:6      | Reached skill level 7 in Maces & Flails
  5584 | D:6      | XOM: harmless Erth miscast
  5714 | D:6      | XOM: harmless Air miscast
  6105 | D:6      | XOM: harmless Tloc miscast
  6106 | D:6      | Reached skill level 1 in Evocations
  6285 | D:6      | XOM: noise
  6331 | D:7      | Noticed Pikel
  6354 | D:6      | XOM: noise
  6358 | D:6      | XOM: enchant monster (good)
  6386 | D:7      | Killed Pikel
  6386 | D:7      | Reached skill level 8 in Maces & Flails
  6386 | D:7      | Reached XP level 9. HP: 50/56 MP: 8/10
  6407 | D:7      | XOM: confuse monster(s)
  6408 | D:7      | XOM: polymorph freed slave -> wyvern
  6409 | D:7      | XOM: blink monster(s)
  6417 | D:7      | XOM: give mutations
  6417 | D:7      | Gained mutation: Your body sometimes deteriorates upon taking damage. [Xom's mischief]
  6417 | D:7      | Gained mutation: You are dopey. (Int -2) [Xom's mischief]
  6417 | D:7      | Gained mutation: You are frail. (-10% HP) [Xom's mischief]
  6437 | D:7      | XOM: divination: detect creatures
  6447 | D:7      | XOM: potion effect (brilliance)
  6457 | D:7      | Found a sacrificial altar of Ru.
  6687 | D:7      | Noticed Dowan
  6694 | D:7      | XOM: potion effect (haste)
  6711 | D:7      | Killed Dowan
  6919 | D:7      | Noticed Duvessa
  6924 | D:7      | Noticed Duvessa
  6924 | D:7      | Duvessa changed into Duvessa the killer bee
  6925 | D:7      | Killed Duvessa the killer bee
  7174 | D:7      | XOM: confusion
  7178 | D:7      | XOM: confuse monster(s)
  7196 | D:7      | XOM: confuse monster(s)
  7200 | D:7      | XOM: cast spell 'Ring of Flames'
  7200 | D:7      | Reached skill level 9 in Maces & Flails
  7215 | D:7      | XOM: cast spell 'Death Channel'
  7217 | D:7      | XOM: destruction
  7233 | D:7      | XOM: divination: detect creatures
  7244 | D:7      | XOM: confuse monster(s)
  7246 | D:7      | XOM: cleaving
  7258 | D:7      | XOM: summons 2 friendly demons
  7305 | D:7      | XOM: divination: magic mapping
  7336 | D:7      | XOM: fog
  7359 | D:7      | Reached XP level 10. HP: 41/56 MP: 12/12
  7372 | D:7      | XOM: give mutation
  7372 | D:7      | Gained mutation: You have a beak for a mouth. [Xom's grace]
  7382 | D:7      | Found a basalt altar of Yredelemnul.
  7460 | D:7      | XOM: give mutations
  7460 | D:7      | Gained mutation: You occasionally shout uncontrollably at your foes. [Xom's mischief]
  7460 | D:7      | Lost mutation: You are dopey. (Int -2) [Xom's mischief]
  7460 | D:7      | Gained mutation: You are dopey. (Int -2) [Xom's mischief]
  7460 | D:7      | Lost mutation: You are frail. (-10% HP) [Xom's mischief]
  7593 | D:8      | Found a radiant altar of Vehumet.
  7754 | D:8      | Reached skill level 5 in Dodging
  7760 | D:8      | Noticed a cyclops
  7878 | D:8      | XOM: confuse monster(s)
  7959 | D:8      | Found a basalt altar of Yredelemnul.
  7965 | D:8      | Noticed Prince Ribbit
  7965 | D:8      | XOM: confuse monster(s)
  7975 | D:8      | Killed Prince Ribbit
  8002 | D:8      | XOM: fog
  8007 | D:8      | XOM: enchant monster (good)
  8046 | D:8      | XOM: scenery: create altars
  8533 | D:8      | XOM: summons 3 friendly demons
  8539 | D:8      | Killed a cyclops
  8539 | D:8      | Reached skill level 10 in Maces & Flails
  8687 | D:8      | XOM: destruction
  8770 | D:8      | XOM: polymorph sky beast -> steam dragon
  8911 | D:9      | Noticed Psyche
  8914 | D:9      | XOM: enchant monster (good)
  8922 | D:9      | Killed Psyche
  8942 | D:9      | XOM: divination: magic mapping
  8962 | D:9      | Lost mutation: Your body sometimes deteriorates upon taking damage. [potion of cure mutation]
  8962 | D:9      | Lost mutation: You are dopey. (Int -2) [potion of cure mutation]
  8962 | D:9      | Lost mutation: You occasionally shout uncontrollably at your foes. [potion of cure mutation]
  9025 | D:9      | Noticed Joseph
  9027 | D:9      | XOM: cast spell 'Monstrous Menagerie'
  9034 | D:9      | Killed Joseph
  9121 | D:9      | XOM: god gift: 47 gold pieces
  9186 | D:9      | Found a bloodstained altar of Trog.
  9402 | D:9      | XOM: fake destruction
  9403 | D:9      | XOM: smoke on damage
  9403 | D:9      | XOM: divine lightning (protected)
  9472 | D:9      | XOM: fog
  9479 | D:9      | Reached XP level 11. HP: 23/68 MP: 14/14
  9607 | D:9      | XOM: god gift: bread ration
  9687 | D:9      | XOM: divination: magic mapping
  9772 | D:10     | Entered Level 10 of the Dungeon
  9774 | D:10     | XOM: cleaving
  9779 | D:9      | XOM: smoke on damage
  9907 | D:9      | XOM: summons 5 friendly demons
  9932 | D:10     | Found Bazimy's Gadget Emporium.
 10039 | D:10     | XOM: god gift: scroll of fear
 10053 | D:10     | XOM: 1-stop teleportation journey
 10063 | D:10     | Found Efoculon's Antique Weapon Shoppe.
 10066 | D:10     | Bought an arbalest for 112 gold pieces
 10073 | D:10     | XOM: cloud trail
 10176 | D:10     | Noticed a hill giant
 10191 | D:10     | XOM: summons friendly ufetubus
 10193 | D:10     | XOM: potion effect (agility)
 10199 | D:10     | Killed a hill giant
 10199 | D:10     | Reached skill level 1 in Crossbows
 10199 | D:10     | Reached skill level 5 in Evocations
 10387 | D:10     | XOM: god gift: 42 gold pieces
 10434 | D:10     | XOM: confuse monster(s)
 10445 | D:10     | XOM: give mutations
 10445 | D:10     | Gained mutation: You are agile. (Dex +2) [Xom's grace]
 10445 | D:10     | Gained mutation: You are partially covered in molten scales. (AC +1) [Xom's grace]
 10522 | D:10     | XOM: 2-stop teleportation journey
 10546 | D:10     | Found Vudebb's Antique Armour Shop.
 10602 | D:10     | Found a staircase to the Lair.
 10611 | D:10     | XOM: cast spell 'Leda's Liquefaction'
 10787 | D:10     | Found Wyxto's Gadget Shoppe.
 10887 | D:10     | XOM: cloud trail
 10948 | D:10     | XOM: fog
 10977 | D:10     | XOM: give mutation
 10977 | D:10     | Gained mutation: Your flesh is cold resistant. (rC+) [Xom's grace]
 11003 | D:10     | XOM: cleaving
 11004 | D:10     | Reached skill level 11 in Maces & Flails
 11057 | D:10     | XOM: scenery: 1 doors close
 11063 | D:10     | XOM: scenery: 1 doors open
 11346 | D:11     | Found a shadowy altar of Dithmenos.
 11428 | D:11     | XOM: summons 2 friendly demons
 11542 | D:11     | Found Utunaz's Food Shop.
 11583 | D:11     | Killed an unseen horror
 11627 | D:11     | Noticed a centaur warrior
 11630 | D:11     | XOM: enchant monster (bad)
 11652 | D:11     | Killed a centaur warrior
 11661 | D:11     | Noticed a purple ugly thing
 11673 | D:11     | XOM: summons 4 hostile shadow creatures
 11683 | D:11     | Killed a purple ugly thing
 11848 | D:11     | XOM: harmless Ice miscast
 12004 | D:11     | Found a bloodstained altar of Trog.
 12125 | D:12     | Reached XP level 12. HP: 74/75 MP: 16/16
 12136 | D:12     | XOM: stat loss: -1 Int (11/12)
 12159 | D:12     | XOM: confuse monster(s)
 12161 | D:12     | XOM: chaos upgrade
 12164 | D:12     | XOM: harmless Chrm miscast
 12187 | D:12     | XOM: 1-stop teleportation journey
 12188 | D:12     | Noticed an iron golem
 12188 | D:12     | Noticed an iron golem
 12188 | D:12     | Noticed an iron golem
 12188 | D:12     | Noticed an iron golem
 12233 | D:12     | XOM: swap monsters
 12264 | D:12     | XOM: divination: detect creatures
 12321 | D:12     | XOM: scenery: create altars
 12325 | D:12     | XOM: scenery: create altars
 12326 | D:12     | XOM: cast spell 'Summon Hydra'
 12382 | D:12     | XOM: god gift: scroll of enchant armour
 12414 | D:12     | XOM: divination: detect creatures
 12421 | D:12     | XOM: scenery: create altars
 12617 | D:12     | Found a staircase to the Orcish Mines.
 12622 | D:12     | XOM: divination: magic mapping
 12854 | D:12     | XOM: 1-stop teleportation journey
 12877 | D:11     | XOM: divination: detect creatures
 12887 | D:11     | XOM: potion effect (berserk rage)
 12898 | D:11     | Killed an iron golem
 12958 | D:11     | XOM: summons 3 hostile demons
 13282 | D:11     | XOM: fog
 13291 | D:11     | XOM: summons friendly crimson imp
 13302 | D:11     | XOM: confuse monster(s)
 13307 | D:11     | XOM: noise
 13308 | D:11     | XOM: divination: magic mapping
 13325 | D:11     | XOM: confuse monster(s)
 13340 | D:11     | XOM: harmless Tloc miscast
 13743 | D:12     | XOM: mild Summ miscast
 13767 | D:11     | Reached skill level 5 in Crossbows
 14071 | D:11     | XOM: confuse monster(s)
 14085 | D:11     | XOM: potion effect (haste)
 14127 | D:11     | XOM: harmless Chrm miscast
 14137 | D:11     | XOM: confusion
 14143 | D:11     | Killed an iron golem
 14366 | D:11     | XOM: mild Summ miscast
 14422 | Lair:1   | Entered Level 1 of the Lair of Beasts
 14434 | Lair:1   | XOM: enchant monster (good)
 14453 | Lair:1   | XOM: give mutations
 14453 | Lair:1   | Gained mutation: You occasionally shout uncontrollably at your foes. [Xom's mischief]
 14453 | Lair:1   | Lost mutation: You are partially covered in molten scales. (AC +1) [Xom's mischief]
 14539 | Lair:1   | Noticed a queen ant
 14542 | Lair:1   | XOM: cleaving
 14552 | Lair:1   | Reached skill level 12 in Maces & Flails
 14565 | Lair:1   | XOM: confuse monster(s)
 14586 | Lair:1   | XOM: summons friendly crimson imp
 14589 | Lair:1   | XOM: confusion (+ monsters)
 14592 | Lair:1   | XOM: summons friendly shadow imp
 14597 | Lair:1   | XOM: blink monster(s)
 14617 | Lair:1   | Killed a queen ant
 15264 | Lair:1   | XOM: swap monsters
 15578 | Lair:2   | XOM: noise
 15610 | Lair:2   | XOM: swap monsters
 15622 | Lair:2   | XOM: polymorph yak -> octopode
 15633 | Lair:2   | XOM: noise
 15639 | Lair:2   | XOM: cleaving
 15991 | Lair:2   | Found a staircase to the Snake Pit.
 16120 | Lair:2   | XOM: divination: detect creatures
 16130 | Lair:2   | Reached XP level 13. HP: 78/82 MP: 17/17
 16325 | Lair:2   | XOM: give mutations
 16325 | Lair:2   | Gained mutation: Your muscles are strong. (Str +2) [Xom's grace]
 16325 | Lair:2   | Gained mutation: You are partially covered in icy blue scales. (AC +1) [Xom's grace]
 16325 | Lair:2   | Gained mutation: Your natural rate of healing is unusually fast. [Xom's grace]
 16467 | Lair:3   | Found a glowing silver altar of Zin.
 16481 | Lair:3   | XOM: cloud trail
 16484 | Lair:3   | XOM: scenery: create altars
 16486 | Lair:3   | XOM: confuse monster(s)
 16491 | Lair:3   | XOM: potion effect (invisibility)
 16492 | Lair:3   | XOM: cleaving
 16493 | Lair:3   | Reached skill level 10 in Armour
 16495 | Lair:3   | XOM: divine lightning (protected)
 16504 | Lair:3   | Reached skill level 10 in Fighting
 16558 | Lair:2   | XOM: harmless Chrm miscast
 16859 | Lair:3   | XOM: swap monsters
 16951 | Lair:3   | XOM: smoke on damage
 16957 | Lair:3   | XOM: medium Conj miscast
 16961 | Lair:3   | XOM: confuse monster(s)
 16975 | Lair:3   | XOM: fake destruction
 16981 | Lair:3   | XOM: confuse monster(s)
 16985 | Lair:3   | XOM: summons friendly iron imp
 16996 | Lair:3   | XOM: blink monster(s)
 17095 | Lair:3   | XOM: enchant monster (bad)
 17227 | Lair:3   | XOM: mild Summ miscast
 17246 | Lair:3   | XOM: polymorph giant frog -> hound
 17295 | Lair:3   | XOM: give mutations
 17295 | Lair:3   | Lost mutation: You occasionally shout uncontrollably at your foes. [Xom's mischief]
 17295 | Lair:3   | Gained mutation: Your body sometimes deteriorates upon taking damage. [Xom's mischief]
 17295 | Lair:3   | Gained mutation: You are very agile. (Dex +4) [Xom's mischief]
 17326 | Lair:3   | XOM: mild Tloc miscast
 17440 | Lair:3   | XOM: enchant monster (bad)
 17546 | Lair:3   | XOM: medium Divn miscast
 17921 | Lair:4   | Found a staircase to the Swamp.
 17935 | Lair:4   | XOM: enchant monster (good)
 17953 | Lair:4   | XOM: divination: magic mapping
 17968 | Lair:4   | Reached skill level 13 in Maces & Flails
 18042 | Lair:4   | XOM: silly message
 18046 | Lair:4   | XOM: 1-stop teleportation journey
 18570 | Lair:4   | XOM: blink monster(s)
 18593 | Lair:4   | XOM: mild Tmut miscast
 18628 | Lair:4   | XOM: chaos cloud
 18871 | Lair:4   | Noticed Harold
 18872 | Lair:4   | XOM: silly message
 18880 | Lair:4   | XOM: confusion (+ monsters)
 18881 | Lair:4   | XOM: confuse monster(s)
 18892 | Lair:4   | Killed Harold
 19001 | Lair:5   | XOM: confusion (+ monsters)
 19009 | Lair:5   | Gained mutation: Your large and strong wings let you fly indefinitely. [Gargoyle growth]
 19009 | Lair:5   | Reached XP level 14. HP: 86/88 MP: 19/19
 19023 | Lair:5   | XOM: fog
 19131 | Lair:5   | XOM: noise
 19146 | Lair:5   | XOM: 5-stop teleportation journey
 19177 | Lair:5   | XOM: fake destruction
 19206 | Lair:5   | XOM: mild Tloc miscast
 19319 | Lair:5   | XOM: potion effect (might)
 19320 | Lair:5   | XOM: blink monster(s)
 19321 | Lair:5   | XOM: harmless Tloc miscast
 19333 | Lair:5   | Noticed a dire elephant
 19333 | Lair:5   | a death yak changed into a dire elephant
 19333 | Lair:5   | XOM: polymorph death yak -> dire elephant
 19335 | Lair:5   | XOM: swap monsters
 19341 | Lair:5   | XOM: stat loss: -1 Str (25/26)
 19347 | Lair:5   | XOM: potion effect (agility)
 19349 | Lair:5   | XOM: cast spell 'Call Canine Familiar'
 19352 | Lair:5   | Killed a dire elephant
 19366 | Lair:5   | XOM: medium Hex miscast
 19465 | Lair:5   | XOM: divination: detect creatures
 19496 | Lair:5   | Found a staircase to the Slime Pits.
 19731 | Lair:5   | XOM: mild Erth miscast
 19803 | Lair:6   | Entered Level 6 of the Lair of Beasts
 19821 | Lair:6   | XOM: cast spell 'Alistair's Intoxication'
 19882 | Lair:6   | XOM: enchant monster (good)
 19891 | Lair:6   | XOM: enchant monster (bad)
 19929 | Lair:6   | XOM: summons 10 friendly demons
 19974 | Lair:6   | XOM: polymorph blink frog -> sky beast
 19990 | Lair:5   | XOM: divination: magic mapping
 20131 | Lair:5   | XOM: confuse monster(s)
 20273 | Lair:6   | XOM: confusion (+ monsters)
 20280 | Lair:6   | XOM: blink monster(s)
 20295 | Lair:6   | XOM: enchant monster (good)
 20302 | Lair:6   | XOM: chaos cloud
 20306 | Lair:6   | XOM: noise
 20361 | Lair:6   | Gained mutation: Your body often deteriorates upon taking damage. [mutagenic glow]
 20372 | Lair:6   | XOM: summons 8 friendly demons
 20440 | Lair:6   | XOM: 1-stop teleportation journey
 20445 | Lair:6   | XOM: swap monsters
 20454 | Lair:6   | XOM: give mutations
 20454 | Lair:6   | Lost mutation: Your muscles are strong. (Str +2) [Xom's mischief]
 20454 | Lair:6   | Lost mutation: Your body often deteriorates upon taking damage. [Xom's mischief]
 20454 | Lair:6   | Lost mutation: You are very agile. (Dex +4) [Xom's mischief]
 20454 | Lair:6   | Lost mutation: You are agile. (Dex +2) [Xom's mischief]
 20553 | Lair:6   | XOM: enchant monster (bad)
 20575 | Lair:6   | XOM: polymorph death yak -> queen ant
 20579 | Lair:6   | XOM: 2-stop teleportation journey
 20591 | Lair:6   | Lost mutation: Your body sometimes deteriorates upon taking damage. [potion of cure mutation]
 20591 | Lair:6   | Lost mutation: You are partially covered in icy blue scales. (AC +1) [potion of cure mutation]
 20591 | Lair:6   | Lost mutation: Your flesh is cold resistant. (rC+) [potion of cure mutation]
 20591 | Lair:6   | Lost mutation: Your natural rate of healing is unusually fast. [potion of cure mutation]
 20599 | Lair:6   | XOM: fog
 20614 | Lair:6   | XOM: potion effect (might)
 20617 | Lair:6   | XOM: god gift: meat ration
 20619 | Lair:6   | Reached skill level 14 in Maces & Flails
 20663 | Lair:6   | XOM: scenery: create altars
 20716 | Lair:6   | XOM: cleaving
 20738 | Lair:6   | XOM: scenery: create altars
 20771 | Lair:6   | XOM: cleaving
 21026 | Lair:6   | XOM: polymorph water moccasin -> ice beast
 21150 | Lair:6   | XOM: cloud trail
 21174 | Lair:6   | XOM: destruction
 21193 | Lair:6   | Got a pair of scorched gloves
 21199 | Lair:6   | Identified the cursed +0 pair of gloves of Free Will {rC+} (You found it on level 6 of the Lair of Beasts)
 21213 | Lair:6   | XOM: scenery: create altars
 21248 | Lair:6   | XOM: noise
 21307 | Lair:6   | XOM: give mutations
 21307 | Lair:6   | Gained mutation: Your body sometimes deteriorates upon taking damage. [Xom's mischief]
 21307 | Lair:6   | Gained mutation: Your body often deteriorates upon taking damage. [Xom's mischief]
 21369 | Lair:6   | Reached skill level 10 in Crossbows
 21385 | Lair:6   | XOM: give mutations
 21385 | Lair:6   | Gained mutation: You are dopey. (Int -2) [Xom's mischief]
 21385 | Lair:6   | Gained mutation: You are clumsy. (Dex -2) [Xom's mischief]
 21385 | Lair:6   | Gained mutation: Scrolls take you a little longer to read. [Xom's mischief]
 21385 | Lair:6   | Gained mutation: You are very dopey. (Int -4) [Xom's mischief]
 21636 | Lair:6   | XOM: polymorph yak -> hippogriff
 21847 | Lair:6   | XOM: mild Erth miscast
 21857 | Lair:6   | XOM: destruction
 21927 | Lair:6   | Reached XP level 15. HP: 95/95 MP: 21/21
 21992 | Lair:6   | XOM: summons 2 hostile demons
 22248 | Orc:1    | XOM: stealth player
 22248 | Orc:1    | Entered Level 1 of the Orcish Mines
 22299 | Orc:1    | XOM: summons friendly crimson imp
 22619 | Orc:1    | Found a frozen archway.
 22619 | Orc:1    | XOM: 2-stop teleportation journey
 22675 | IceCv    | Entered an ice cave
 22850 | IceCv    | XOM: give mutations
 22850 | IceCv    | Lost mutation: You are clumsy. (Dex -2) [Xom's grace]
 22850 | IceCv    | Gained mutation: You are partially covered in large bone plates. (AC +2, SH +2) [Xom's grace]
 22850 | IceCv    | Gained mutation: Your muscles are strong. (Str +2) [Xom's grace]
 22850 | IceCv    | Gained mutation: You possess an exceptional clarity of mind. [Xom's grace]
 22925 | IceCv    | XOM: cleaving
 22934 | IceCv    | XOM: 9-stop teleportation journey
 22943 | IceCv    | XOM: destruction
 23088 | IceCv    | XOM: cleaving
 23090 | IceCv    | XOM: scenery: create altars
 23127 | IceCv    | XOM: summons friendly white imp
 23274 | IceCv    | XOM: fog
 23370 | IceCv    | XOM: polymorph wolf -> sheep
 23401 | IceCv    | XOM: enchant monster (good)
 23421 | IceCv    | XOM: god gift: glowing iron wand {god gift}
 23511 | IceCv    | Noticed a frost giant
 23511 | IceCv    | XOM: cleaving
 23512 | IceCv    | XOM: destruction
 23518 | IceCv    | XOM: divine lightning (protected)
 23522 | IceCv    | Killed a frost giant
 23594 | IceCv    | XOM: noise
 23796 | Orc:1    | XOM: cast spell 'Summon Small Mammal'
 23820 | Orc:1    | XOM: divination: detect creatures
 24106 | Orc:1    | Found Teycvy's Food Emporium.
 24343 | Orc:1    | Upgraded the game from 0.19-a0-644-gd04d753 to 0.19-a0-649-gca8dce1
 24344 | Orc:2    | Entered Level 2 of the Orcish Mines
 24620 | Orc:2    | Found a staircase to the Elven Halls.
 24779 | Orc:2    | XOM: divination: detect items
 24884 | Orc:2    | XOM: harmless Necr miscast
 25248 | Orc:2    | XOM: god gift: flickering lapis lazuli ring {god gift}
 25255 | Orc:2    | Got a flickering lapis lazuli ring {god gift}
 25258 | Orc:2    | Identified the ring of Due Proportion {rC+ Str+3 Dex+3 Stlth+} (Xom gifted it to you on level 2 of the Orcish Mines)
 25266 | Orc:2    | XOM: divination: magic mapping
 25340 | Orc:2    | Found Ishryagu's Magic Scroll Shop.
 25341 | Orc:2    | Found Fipnisyl's Food Boutique.
 25479 | Orc:2    | XOM: confuse monster(s)
 25544 | Orc:2    | Bought a scroll of silence for 135 gold pieces
 25544 | Orc:2    | Bought a scroll of vulnerability for 135 gold pieces
 25544 | Orc:2    | Bought a scroll of blinking for 135 gold pieces
 25621 | Orc:2    | XOM: noise
 25753 | Orc:2    | XOM: cast spell 'Summon Ice Beast'
 25772 | Orc:2    | XOM: blink monster(s)
 26050 | Orc:2    | XOM: harmless Erth miscast
 26054 | Orc:2    | XOM: summons friendly white imp
 26080 | Orc:2    | XOM: confuse monster(s)
 26288 | Orc:2    | XOM: give mutations
 26288 | Orc:2    | Lost mutation: Your body often deteriorates upon taking damage. [Xom's mischief]
 26288 | Orc:2    | Gained mutation: You are frail. (-10% HP) [Xom's mischief]
 26306 | Orc:2    | XOM: silly message
 26348 | Orc:2    | XOM: stat loss: -1 Int (7/8)
 26350 | Orc:2    | XOM: mild Conj miscast
 26366 | Orc:2    | XOM: medium Chrm miscast
 26554 | Orc:1    | XOM: swap monsters
 26565 | Orc:2    | XOM: fog
 26678 | Orc:2    | XOM: noise
 26692 | Orc:2    | XOM: silly message
 26741 | Orc:2    | XOM: potion effect (heal wounds)
 26744 | Orc:2    | XOM: potion effect (brilliance)
 26758 | Orc:2    | XOM: swap monsters
 26759 | Orc:2    | XOM: swap monsters
 26764 | Orc:2    | XOM: enchant monster (good)
 26795 | Orc:2    | Found Nauz's Antique Armour Shoppe.
 26795 | Orc:2    | Found a one-way gate leading to the halls of Pandemonium.
 26795 | Orc:2    | Found Waegoblo's Book Emporium.
 26804 | Orc:2    | Bought a shimmering plate armour for 588 gold pieces
 26804 | Orc:2    | Bought a glowing cloak for 94 gold pieces
 26824 | Orc:2    | Identified the cursed +1 plate armour of Grot {rN+ Int+4} (You bought it in a shop on level 2 of the Orcish Mines)
 26935 | D:13     | XOM: scenery: 2 doors open
 26946 | D:13     | Reached skill level 15 in Maces & Flails
 26953 | D:13     | XOM: potion effect (heal wounds)
 27079 | D:13     | XOM: mild Necr miscast
 27340 | D:13     | XOM: summons 2 friendly demons
 27389 | D:13     | XOM is BORED!
 27389 | D:13     | XOM: give mutation
 27389 | D:13     | Gained mutation: You are very frail. (-20% HP) [Xom's mischief]
 27401 | D:13     | XOM: harmless Hex miscast
 27737 | D:13     | Found a gate to the Vaults.
 27909 | D:14     | Reached XP level 16. HP: 80/80 MP: 15/22
 27916 | D:14     | XOM: swap monsters
 27931 | D:14     | XOM: potion effect (invisibility)
 27974 | D:14     | Found Pewiump's Distillery.
 27978 | D:14     | XOM: stat loss: -1 Int (11/12)
 27996 | D:14     | Bought a potion of haste for 110 gold pieces
 27996 | D:14     | Bought a potion of curing for 33 gold pieces
 27996 | D:14     | Bought a potion of curing for 33 gold pieces
 27996 | D:14     | Bought a potion of curing for 33 gold pieces
 27996 | D:14     | Bought a potion of cure mutation for 275 gold pieces
 27996 | D:14     | Bought a potion of beneficial mutation for 385 gold pieces
 27996 | D:14     | Lost mutation: Your body sometimes deteriorates upon taking damage. [potion of cure mutation]
 27996 | D:14     | Lost mutation: You have a beak for a mouth. [potion of cure mutation]
 27996 | D:14     | Lost mutation: You are very dopey. (Int -4) [potion of cure mutation]
 27997 | D:14     | Gained mutation: You are partially covered in yellow scales. (AC +2) [potion of beneficial mutation]
 28349 | D:14     | XOM: scenery: create altars
 28366 | D:14     | XOM: god gift: 21 bolts
 28381 | D:14     | XOM: divination: detect items
 28489 | D:15     | Entered Level 15 of the Dungeon
 28535 | D:15     | Found a staircase to the Depths.
 28536 | D:15     | XOM: fake destruction
 28634 | D:15     | XOM: 1-stop teleportation journey
 28643 | D:15     | XOM: enchant monster (good)
 28729 | D:15     | XOM: divination: detect items
 28905 | D:15     | Noticed a tengu reaver
 28918 | D:15     | XOM: enchant monster (good)
 28924 | D:15     | XOM: scenery: 3 doors close
 28952 | D:15     | Killed a tengu reaver
 29181 | D:15     | XOM: silly message
 29491 | D:15     | XOM: confuse monster(s)
 29630 | D:15     | XOM: divine lightning (protected)
 29716 | D:15     | XOM: fog
 29872 | D:15     | XOM: cleaving
 29909 | D:15     | XOM: cast spell 'Summon Butterflies'
 30095 | D:15     | Found Yceo's Armour Boutique.
 30642 | Swamp:1  | Entered Level 1 of the Swamp
 30727 | Swamp:1  | XOM: potion effect (might)
 30856 | Swamp:1  | XOM: noise
 31039 | Swamp:1  | XOM: harmless Ice miscast
 31161 | Swamp:1  | Noticed Haruko's ghost (journeyman FeEn)
 31171 | Swamp:1  | XOM: noise
 31189 | Swamp:1  | Killed Haruko's ghost
 31405 | Swamp:1  | XOM: noise
 31426 | Swamp:1  | XOM: enchant monster (good)
 31647 | Swamp:2  | XOM: mild Divn miscast
 31660 | Swamp:2  | XOM: harmless Fire miscast
 31673 | Swamp:2  | XOM: god gift: scroll of vulnerability
 31915 | Swamp:2  | XOM is BORED!
 31915 | Swamp:2  | XOM: mild Conj miscast
 31931 | Swamp:2  | XOM: cast spell 'Spider Form'
 32021 | Swamp:2  | Noticed a thorn hunter
 32111 | Swamp:2  | XOM: noise
 32238 | Swamp:2  | Noticed a thorn hunter
 32251 | Swamp:2  | XOM: enchant monster (good)
 32254 | Swamp:2  | XOM: harmless Ice miscast
 32282 | Swamp:2  | XOM: butterfly on damage
 32283 | Swamp:2  | XOM: harmless Hex miscast
 32285 | Swamp:2  | Slain by a thorn hunter

Vault maps used:
D:1:      dpeg_cavernosity, nrook_loot_triangle
D:2:      grunt_temple_overflow_forces_of_nature,
          grunt_dithmenos_smoke_and_mirrors, marbit_many_paths
D:3:      elyvilon_altar_4, ecumenical_altar_1
D:4:      kennysheep_big_flooded_room, lemuel_crystal_altar
D:5:      minmay_temple_entry_nine_rooms, first_bread
D:6:      grunt_pakellas_mercury
D:7:      lemuel_mausoleum_altar_yredelemnul, lemuel_doored_altar,
          grunt_ogre_cave, uniq_duvessa, uniq_pikel
D:8:      nicolae_overflow_hidden_temple, basic_altar, minivault_5,
          hangedman_misty_isle, uniq_prince_ribbit1
D:9:      kennysheep_mini_moat, hex_medium, uniq_psyche, uniq_joseph
D:10:     david_lair_shrubbed, serial_shops, kennysheep_little_box, shop,
          shop_statue, nicolae_shop_trees, kennysheep_generic_room_4
D:11:     serial_shops, nicolae_shop_statue_plus, hangedman_feature_mirror
D:12:     cheibrodos_stairvault_heist, david_orc_3
D:13:     erik_vaults_1
D:14:     serial_shops, shop
D:15:     gammafunk_depths_entry_grave, roderic_lattice_a, serial_shops, shop,
          serial_park, serial_park_tiny_pond, serial_park_tiny_pond,
          serial_park_tiny_2, serial_park_square2, serial_park_tiny_1,
          kennysheep_four_rooms
Temple:   temple_eino_lava_12
Lair:1:   roderic_batcave, fungi_pond_lemuel, minivault_29
Lair:2:   dummy_snake_entry, minivault_24
Lair:3:   basic_altar
Lair:4:   swamp_mist, nicolae_lair_grove_arrangements, lemuel_fruit_tree,
          uniq_harold
Lair:5:   slime_dummy
Lair:6:   minmay_lair_end_frog_pond, small_statue_intersection,
          serial_bayou_shore_a
Swamp:1:  nicolae_swamp_dense_foliage, swamp_pool4, st_swamp_mini,
          infiniplex_staircase_pool
Swamp:2:  nicolae_swamp_phyte_club, hangedman_swamp_pad
Orc:1:    serial_shops, nicolae_shop_behind_doors, nicolae_volcano_entry_s_turn,
          portal_ice_cave_entry_imps
Orc:2:    pf_orc_diabolical, nicolae_orc_rich_vein
IceCv:    ice_cave_caverns_01

Skill      XL: |  1  2  3  4  5  6  7  8  9 10 11 12 13 14 15 16 |
---------------+-------------------------------------------------+-----
Dodging        | 1 2 4 5 6 7 8 9 |  9.7
Maces & Flails | 4 5 6 8 9 10 11 12 13 14 15 | 15.7
Armour         | 3 4 5 6 8 9 10 11 12 | 12.7
Fighting       | 4 5 6 7 8 9 10 11 12 | 12.4
Evocations     | 2 3 4 5 6 7 8 9 |  9.4
Crossbows      | 4 6 8 10 11 12 | 12.3

Action                   |  1- 3 |  4- 6 |  7- 9 | 10-12 | 13-15 | 16-18 || total
-------------------------+-------+-------+-------+-------+-------+-------++-------
Melee: Mace              |   134 |    21 |       |       |       |       ||   155
       Flail             |       |   249 |   501 |  1398 |  2232 |   619 ||  4999
       Peck              |       |       |       |   312 |   643 |    12 ||   967
       Unarmed           |       |       |       |       |       |     5 ||     5
 Fire: Arbalest          |       |       |       |    15 |   142 |   202 ||   359
       Hand crossbow     |       |       |       |    11 |   149 |       ||   160
 Abil: Fly               |       |       |       |       |       |     2 ||     2
Evoke: Wand              |       |       |     9 |     8 |     6 |       ||    23
  Use: Potion            |     1 |     5 |     2 |     6 |     4 |     5 ||    23
       Scroll            |       |     9 |     1 |     7 |    11 |     3 ||    31
 Stab: Confused          |       |       |     5 |    11 |    21 |     3 ||    40
       Invisible         |       |       |       |       |    18 |     5 ||    23
       Paralysed         |       |       |       |       |     8 |     5 ||    13
       Distracted        |       |       |       |       |     2 |       ||     2
  Eat: Chunk             |     1 |     8 |     9 |    39 |    42 |    18 ||   117
       Fruit             |     1 |     1 |       |     1 |       |       ||     3
       Pizza             |       |       |     2 |     1 |       |       ||     3
       Meat ration       |       |       |       |     2 |       |       ||     2
Armor: Leather armour    |    62 |    43 |       |       |       |       ||   105
       Scale mail        |       |   106 |   261 |   254 |       |       ||   621
       Plate armour      |       |       |       |   645 |  1484 |   485 ||  2614
Dodge: Dodged            |    93 |   178 |   233 |   543 |  1126 |   328 ||  2501
Block: Other             |       |       |       |       |    55 |    31 ||    86
